 Dungeon Crawl Stone Soup version 0.30.1-4-g462c640d31 (webtiles) character file.

Game seed: 9033801578700540137

95 Bobit the Insei (level 4, -1/34 HPs)
             Began as a Gnoll Transmuter on Aug 14, 2023.
             Slain by Jessica
             ... wielding a +1 dagger of flaming
              (2 damage)
             ... on level 2 of the Dungeon.
             The game lasted 00:03:57 (1959 turns).

Bobit the Insei (Gnoll Transmuter)                  Turns: 1959, Time: 00:03:57

Health: -1/34      AC:  0    Str:  9    XL:     4   Next: 66%
Magic:  9/11       EV: 16    Int: 12    God:
Gold:   59         SH:  0    Dex: 15    Spells: 7/13 levels left

rFire   . .          .
                       - Unarmed
rCold   . . .        (shield currently unavailable)
rNeg    . . .        a - melded +0 robe
rPois   .            (helmet currently unavailable)
rElec   .            (cloak currently unavailable)
rCorr   .            (gloves currently unavailable)
SInv    .            (boots currently unavailable)
Will    .....        (no amulet)
Stlth   ++           d - melded +5 ring of evasion
HPRegen 0.25/turn    (ring currently unavailable)
MPRegen 0.12/turn

%: no passive effects
@: pig-form (expiring), slowed
A: fast, no casting, small, (fangs 1), strong nose, distributed training
a: no special abilities


You were on level 2 of the Dungeon.
You were a filthy swine.
You visited 1 branch of the dungeon, and saw 2 of its levels.

You collected 59 gold pieces.

Inventory:

Missiles
 m - 2 throwing nets
Armour
 a - a +0 robe (melded)
Jewellery
 d - a +5 ring of evasion (melded)
 l - a ring of fire
Wands
 n - a wand of flame (27)
Scrolls
 c - a scroll of immolation {unknown}
 e - 2 scrolls of enchant weapon {unknown}
 g - 2 scrolls of teleportation {unknown}
 j - a scroll of identify {unknown}
 q - a scroll of vulnerability {unknown}
Potions
 b - a potion of lignification
 f - 3 potions of degeneration {unknown}
 h - 3 potions of curing {unknown}
 i - 2 potions of might {unknown}
 k - a potion of invisibility {unknown}
 o - a potion of haste {unknown}
 p - a potion of flight {unknown}


   Skills:
 + Level 2.8 Fighting
 + Level 1.2 Short Blades
 + Level 1.2 Long Blades
 + Level 1.2 Axes
 + Level 1.2 Maces & Flails
 + Level 1.2 Polearms
 + Level 1.2 Staves
 + Level 1.2 Ranged Weapons
 + Level 1.2 Throwing
 + Level 1.2 Armour
 + Level 4.7 Dodging
 + Level 1.2 Stealth
 + Level 1.2 Shields
 + Level 6.6 Unarmed Combat
 + Level 5.1 Spellcasting
 + Level 1.0 Conjurations
 + Level 1.0 Hexes
 + Level 1.0 Summonings
 + Level 1.0 Necromancy
 + Level 1.0 Translocations
 + Level 3.9 Transmutations
 + Level 1.0 Fire Magic
 + Level 1.0 Ice Magic
 + Level 1.0 Air Magic
 + Level 1.0 Earth Magic
 + Level 1.0 Poison Magic
 + Level 1.4 Invocations
 + Level 1.2 Evocations


You had 7 spell levels left.
You knew the following spells:

 Your Spells              Type           Power      Damage    Failure   Level
a - Beastly Appendage     Tmut           24%        N/A       4%          1
b - Wereblood             Tmut           12%        N/A       6%          2
c - Spider Form           Tmut/Pois      9%         N/A       22%         3

Your spell library contained the following spells:

 Spells                   Type           Power      Damage    Failure   Level
 Ice Form                 Ice/Tmut       9%         N/A       56%         4


Dungeon Overview and Level Annotations

Branches:
Dungeon (2/15)

Altars:

Annotations:
D:2 Jessica


Innate Abilities, Weirdness & Mutations

You are a filthy swine.
You move quickly.
Your equipment is almost entirely melded.
You are incapable of wielding weapons or throwing items.
You cannot cast spells.
((You have very sharp teeth.))
Your uncanny sense of smell can sniff out nearby items.
Your experience applies equally to all skills.


Message History

Jessica the Apprentice Sorceress comes into view.
She is wielding a +1 dagger of flaming and carrying a wand of polymorph (7).
The adder bites you but does no damage. The adder misses you.
Jessica shouts!
You hit the adder.
The adder is poisoned.
The adder is moderately wounded.
Jessica mumbles some strange words.
Jessica seems to speed up.
The adder completely misses you.
You bite the adder!
You kill the adder!
Jessica zaps a wand.
Your transformation has ended.
Your +0 robe unmelds from your body.
You turn into a filthy swine.
Your +0 robe melds into your body.
Your +5 ring of evasion melds into your body.
You see here an adder corpse.
Jessica gestures at you while chanting.
You barely resist. You barely miss Jessica. Jessica completely misses you.
You barely miss Jessica. Jessica completely misses you.
Jessica hits you with a +1 dagger of flaming.
Jessica burns you.
You can't do that in your present form.
Okay, then.
You closely miss Jessica. Jessica completely misses you.
You hit Jessica but do no damage. Jessica casts a spell at you.
You feel yourself slow down.
You barely miss Jessica. Jessica misses you.
Jessica gestures at you while chanting. Pain shoots through your body!
You barely miss Jessica.
Your transformation is almost over.
Jessica hits you with a +1 dagger of flaming.
* * * LOW HITPOINT WARNING * * *
Jessica burns you.
* * * LOW HITPOINT WARNING * * *
Jessica hits you with a +1 dagger of flaming!
* * * LOW HITPOINT WARNING * * *
Jessica burns you.
You die...

..........##........ #.#..#.#.#..
.................... #.#..#.#.#..
.....###.....#########+#..#......
.....# #.....# ........#....#..
.....# #.....# ........ ....#
.....# #.....# ........#...##
[.######.....# ........#...#
..#.....(....####....... #...#
..#............†h@......
..#......###.....#######
..#......# #.....# ..#......#
#.....# ..#......# #.....#
###......# #.....# #......#
####### #######


You could see Jessica (fast).

Vanquished Creatures
  An adder (D:2)
  4 gnolls (D:2)
  2 dart slugs (D:1)
  4 bats
  4 endoplasms
  2 giant cockroaches (D:1)
  3 goblins (D:1)
  7 hobgoblins
  3 kobolds
  4 quokkas
  2 ball pythons (D:2)
  2 frilled lizards (D:2)
  6 rats
44 creatures vanquished.

Notes
Turn   | Place    | Note
-------+----------+-------------------------------------------
     0 | D:1      | Bobit the Gnoll Transmuter began the quest for the Orb.
     0 | D:1      | Reached XP level 1. HP: 17/17 MP: 6/6
    91 | D:1      | Reached XP level 2. HP: 11/23 MP: 5/7
   584 | D:1      | Reached skill level 5 in Spellcasting
   584 | D:1      | Reached XP level 3. HP: 24/28 MP: 6/9
   879 | D:2      | Reached skill level 1 in Invocations
  1344 | D:2      | Reached skill level 1 in Short Blades
  1344 | D:2      | Reached skill level 1 in Long Blades
  1344 | D:2      | Reached skill level 1 in Axes
  1344 | D:2      | Reached skill level 1 in Maces & Flails
  1344 | D:2      | Reached skill level 1 in Polearms
  1344 | D:2      | Reached skill level 1 in Staves
  1344 | D:2      | Reached skill level 1 in Ranged Weapons
  1344 | D:2      | Reached skill level 1 in Throwing
  1344 | D:2      | Reached skill level 1 in Armour
  1344 | D:2      | Reached skill level 1 in Stealth
  1344 | D:2      | Reached skill level 1 in Shields
  1344 | D:2      | Reached skill level 1 in Evocations
  1346 | D:2      | Reached XP level 4. HP: 25/34 MP: 9/11
  1413 | D:2      | Reached skill level 1 in Conjurations
  1413 | D:2      | Reached skill level 1 in Hexes
  1413 | D:2      | Reached skill level 1 in Summonings
  1413 | D:2      | Reached skill level 1 in Necromancy
  1413 | D:2      | Reached skill level 1 in Translocations
  1413 | D:2      | Reached skill level 1 in Fire Magic
  1413 | D:2      | Reached skill level 1 in Ice Magic
  1413 | D:2      | Reached skill level 1 in Air Magic
  1413 | D:2      | Reached skill level 1 in Earth Magic
  1413 | D:2      | Reached skill level 1 in Poison Magic
  1639 | D:2      | Learned a level 2 spell: Wereblood
  1643 | D:2      | Learned a level 3 spell: Spider Form
  1948 | D:2      | Noticed Jessica
  1959 | D:2      | HP: 1/34 [Jessica/+1 dagger of flaming (7)]
  1959 | D:2      | Slain by Jessica

Illustrated notes

Levels and vault maps discovered:
D:1:      lightli_arrival_maybe_door_vault, layout_loops_ring
D:2:      layout_basic, hangedman_decor_slide_cut, amethyst_killhole,
          kennysheep_generic_room_4, uniq_jessica

Skill      XL: |  1  2  3  4 |
---------------+-------------+-----
Spellcasting   | 5 |  5.1
Invocations    | 1 |  1.4
Short Blades   | 1 |  1.2
Long Blades    | 1 |  1.2
Axes           | 1 |  1.2
Maces & Flails | 1 |  1.2
Polearms       | 1 |  1.2
Staves         | 1 |  1.2
Ranged Weapons | 1 |  1.2
Throwing       | 1 |  1.2
Armour         | 1 |  1.2
Stealth        | 1 |  1.2
Shields        | 1 |  1.2
Evocations     | 1 |  1.2
Conjurations   | 1 |  1.0
Hexes          | 1 |  1.0
Summonings     | 1 |  1.0
Necromancy     | 1 |  1.0
Translocations | 1 |  1.0
Fire Magic     | 1 |  1.0
Ice Magic      | 1 |  1.0
Air Magic      | 1 |  1.0
Earth Magic    | 1 |  1.0
Poison Magic   | 1 |  1.0
Fighting       | |  2.8
Dodging        | |  4.7
Unarmed Combat | |  6.6
Transmutations | |  3.9

Action                     |  1- 3 |  4- 6 || total
---------------------------+-------+-------++-------
  Melee: Unarmed           |    83 |    31 ||   114
         Punch             |     7 |       ||     7
         Kick              |     8 |     4 ||    12
         Bite              |     3 |     3 ||     6
         Headbutt          |    10 |     2 ||    12
   Cast: Beastly Appendage |    20 |     2 ||    22
         Spider Form       |       |     6 ||     6
   Stab: Sleeping          |     2 |     1 ||     3
 Armour: Robe              |    10 |       ||    10
         Skin              |       |     1 ||     1
  Dodge: Dodged            |    73 |    33 ||   106
